 Dungeon Crawl Stone Soup version 0.27.0-1-g7a089689b8 (webtiles) character file.

Game seed: 2788774164484663632

35 HungrySpirit the Ducker (level 3, -4/27 HPs)
             Began as a Djinni Air Elementalist on July 31, 2021.
             Slain by Terence (6 damage)
             ... on level 1 of the Dungeon.
             The game lasted 00:04:13 (2797 turns).

HungrySpirit the Ducker (Djinni Air Elementalist)   Turns: 2797, Time: 00:04:13

Health: -4/27      AC:  5    Str:  8    XL:     3   Next: 55%
Gold:   7          EV: 11    Int: 16    God:
                   SH:  0    Dex: 19

rFire    + + .     SeeInvis .   b - staff of cold
rCold    . . .     Faith    .   (no shield)
rNeg     . . .     Spirit   .   g - +0 ring mail
rPois    ∞         Reflect  .   (no helmet)
rElec    .         Harm     .   (no cloak)
rCorr    .         Rampage  .   (no gloves)
Will     .....                  (boots unavailable)
Stlth    +.........             (no amulet)
HPRegen  0.09/turn              c - +6 ring of dexterity
MPRegen  0.00/turn              (no ring)

@: flying
A: sickness immunity, fire resistance 2, cold vulnerability 1, float, innate
caster, hp casting, extra vitality 1
a: no special abilities


You were on level 1 of the Dungeon.
You visited 1 branch of the dungeon, and saw 2 of its levels.

You collected 7 gold pieces.

Inventory:

Hand Weapons
 d - a +0 dagger
Armour
 g - a +0 ring mail (worn)
 h - a +0 kite shield
Magical Staves
 b - a staff of cold (weapon)
Jewellery
 c - a +6 ring of dexterity (left hand)
Scrolls
 a - a scroll of teleportation {unknown}
Potions
 f - a potion of flight


   Skills:
 + Level 1.2 Fighting
 * Level 1.3 Short Blades
 + Level 0.3 Armour
 + Level 2.8 Dodging
 - Level 1.5 Stealth
 - Level 2.4 Spellcasting


You couldn't memorise any spells.
You knew the following spells:

 Your Spells              Type           Power      Damage    Failure   Level
a - Shock                 Conj/Air       36%        1d5       22%         1
b - Static Discharge      Conj/Air       9%         N/A       34%         2
c - Swiftness             Air            9%         N/A       56%         3
d - Airstrike             Air            4%         N/A       92%         4
e - Sandblast             Erth           18%        2d7       22%         1
Your spell library was empty.

Dungeon Overview and Level Annotations

Branches:
Dungeon (2/15)

Altars:

Annotations:
D:1 Terence


Innate Abilities, Weirdness & Mutations

You are immune to sickness and miasma.
You are immune to poison.
Your flesh is very heat resistant. (rF++)
You are vulnerable to cold. (rC-)
You float through the air rather than walking.
You learn spells naturally, not from books.
Your magical power is your life essence.
You have superior vitality. (+4 HP)


Message History

Terence closely misses you. Terence barely misses you.
You hit Terence but do no damage.
Terence is moderately wounded.
Terence barely misses you.
You hit Terence but do no damage.
Terence is moderately wounded.
Terence hits you with a +0 hand axe.
You hit Terence but do no damage.
Terence is moderately wounded.
Terence hits you with a +0 hand axe.
You barely miss Terence.
Terence is moderately wounded.
Terence hits you but does no damage.
You barely miss Terence.
Terence is moderately wounded.
Terence barely misses you. Terence hits you but does no damage.
You closely miss Terence.
Terence is moderately wounded.
Terence misses you.
You barely miss Terence.
Terence is moderately wounded.
Terence screams, "I want your blood!" Terence hits you with a +0 hand axe.
* * * LOW HITPOINT WARNING * * *
You hit Terence but do no damage.
Terence is moderately wounded.
Terence hits you but does no damage.
You completely miss Terence.
Terence is moderately wounded.
Terence hits you with a +0 hand axe.
* * * LOW HITPOINT WARNING * * *
You hit Terence but do no damage.
Terence is moderately wounded.
Terence hits you with a +0 hand axe.
* * * LOW HITPOINT WARNING * * *
Terence completely misses you.
You hit Terence but do no damage.
Terence is moderately wounded.
Terence hits you with a +0 hand axe.
You die...

.#.######## #.#
.#.##.....# ###.#
.#.##.....# #...#
..........# #.###
...##.....# #.#
.####.....# #.####
.# ####### #....#
.# ####.# .# #@#
.### ### #@# ...#
##.## #.#
##.####...######.#
.#......#........#
.######...########
.# ##.## .# ### .#


You could see Terence.

Vanquished Creatures
  An adder (D:1)
  A bat (D:1)
  An endoplasm (D:1)
  3 giant cockroaches
  3 goblins (D:1)
  A hobgoblin (D:1)
  A jackal (D:1)
  2 kobolds
  3 quokkas (D:1)
  2 ball pythons (D:1)
  2 frilled lizards (D:1)
  3 rats
23 creatures vanquished.

Notes
Turn   | Place    | Note
-------+----------+-------------------------------------------
     0 | D:1      | HungrySpirit the Djinni Air Elementalist began the quest
                  | for the Orb.
     0 | D:1      | Reached XP level 1. HP: 15/15 MP: 0/0
   488 | D:1      | Reached XP level 2. HP: 6/22 MP: 0/0
   874 | D:1      | Reached skill level 1 in Fighting
  1254 | D:1      | Reached skill level 1 in Short Blades
  1795 | D:2      | Reached XP level 3. HP: 25/27 MP: 0/0
  1795 | D:2      | Learned a level 1 spell: Sandblast
  2716 | D:2      | Noticed Terence
  2797 | D:1      | Slain by Terence

Illustrated notes

Levels and vault maps discovered:
D:1:      evilmike_arrival_fibonacci_small, layout_loops_cross
D:2:      layout_basic, uniq_terence

Skill      XL: |  1  2 |
---------------+-------+-----
Fighting       | 1 |  1.2
Short Blades   | 1 |  1.3
Armour         | |  0.3
Dodging        | |  2.8
Stealth        | |  1.5
Spellcasting   | |  2.4

Action                   || total
-------------------------++-------
Melee: Staff             ||    31
       Dagger            ||   194
 Cast: Shock             ||     9
  Use: Potion            ||     2
 Stab: Sleeping          ||     5
Armor: Robe              ||    10
       Ring mail         ||    43
Dodge: Dodged            ||   138
